 Dungeon Crawl Stone Soup version 0.31-a0-360-gb3e1d13bf4 (webtiles) character file.

Game seed: 12716127335814044047

291 garrulousMonolith the Changeling (level 6, -6/40 HPs)
             Began as an Octopode Shapeshifter on July 26, 2023.
             Was an Initiate of Gozag.
             Killed by divine providence
             ... invoked by an orc priest
              (12 damage)
             ... on level 4 of the Dungeon.
             The game lasted 00:03:25 (2734 turns).

garrulousMonolith the Changeling (OpSh)             Turns: 2734, Time: 00:03:26

Health: -6/40      AC:  1    Str: 14    XL:     6   Next: 32%
Magic:  6/6        EV: 13    Int: 11    God:    Gozag
Gold:   125        SH:  4    Dex: 14    Spells: 5/5 levels left

rFire   + .          .
                       - Unarmed
rCold   . . .        g - +0 buckler
rNeg    . . .        (helmet currently unavailable)
rPois   .            (no amulet)
rElec   .            j - ring of protection from fire
rCorr   .            (no ring)
SInv    .            (no ring)
Will    .....        (no ring)
Stlth   ++++         (no ring)
HPRegen 0.26/turn    (no ring)
MPRegen 0.10/turn    (no ring)
                     (no ring)

%: no passive effects
@: beast-form, gold aura, attractive
A: beast (slay +2), almost no armour, amphibious, 8 rings, camouflage 1,
gelatinous body 1, nimble swimmer 1, tentacles
a: Begin Untransformation, Renounce Religion, Potion Petition, Call Merchant,
Bribe Branch


You were on level 4 of the Dungeon.
You worshipped Gozag.
Gozag was aware of your devotion.
You were a hulking beast.
You visited 1 branch of the dungeon, and saw 4 of its levels.

You collected 183 gold pieces.
You paid 58 gold pieces to Gozag.

Inventory:

Hand Weapons
 o - a +0 dagger of protection
Missiles
 d - 4 poisoned darts
Armour
 g - a +0 buckler (worn)
Jewellery
 j - a ring of protection from fire (left tentacle)
Talismans
 b - a beast talisman
Wands
 n - a wand of flame (22)
Scrolls
 c - a scroll of immolation
 f - a scroll of amnesia {unknown}
 i - a scroll of poison {unknown}
 k - 4 scrolls of teleportation {unknown}
Potions
 a - 2 potions of lignification
 h - 3 potions of haste
 m - a potion of mutation


   Skills:
 + Level 2.3 Fighting
 + Level 3.1 Dodging
 + Level 3.0 Stealth
 + Level 1.7 Shields
 + Level 3.7 Unarmed Combat
 * Level 4.1 Shapeshifting


You had 5 spell levels left.
You didn't know any spells.
Your spell library was empty.

Dungeon Overview and Level Annotations

Branches:
Dungeon (4/15)
 Temple: D:4-7

Altars:
Ashenzari
Gozag
Qazlal
Sif Muna
Vehumet

Shops:
D:4 *


Innate Abilities, Weirdness & Mutations

You are a hulking beast.
Your limbs bulge with bestial killing power. (Slay +2)
You cannot wear most types of armour.
You are amphibious.
You can wear up to eight rings at the same time.
Your skin changes colour to match your surroundings (Stealth+).
Your rubbery body absorbs attacks. (AC +1, EV +1)
You are camouflaged when in or above water. (Stealth+)
You have tentacles for arms and can constrict up to eight enemies at once.


Message History

An orc priest comes into view. It is wielding a +0 mace.
The orc shouts!
The orc priest shouts!
An orc comes into view. It is wielding a +3 mace.
You enter the deep water.
The orc wizard barely misses you.
You closely miss the orc wizard. You grab the orc wizard.
You constrict the orc wizard, but do no damage.
The orc hits you with a +0 dagger. The orc wizard casts a spell at you.
The puff of flame hits you. You resist. The orc hits you with a +0 club.
You barely miss the orc wizard. You constrict the orc wizard.
The orc barely misses you.
The orc priest miscasts a cantrip.
The orc wizard hits you with a +0 dagger.
* * * LOW HITPOINT WARNING * * *
The orc hits you with a +0 club.
* * * LOW HITPOINT WARNING * * *
Okay, then.
Aiming: Throw Flame
Press: ? - help, Shift-Dir - straight line, f - orc priest
Aim: an orc priest, wielding a +0 mace (68% to hit)
The puff of flame hits the orc wizard.
The orc wizard is heavily wounded.
You constrict the orc wizard. The orc hits you but does no damage.
The orc wizard casts a spell.
The orc wizard flickers and vanishes!
Deactivating autopickup; reactivate with Ctrl-A.
The orc barely misses you.
You tentacle-slap something.
Reactivating autopickup.
You feel a bit more experienced. The orc hits you with a +0 dagger.
* * * LOW HITPOINT WARNING * * *
The orc hits you with a +0 club.
* * * LOW HITPOINT WARNING * * *
Your Stealth skill increases to level 3!
It was a potion of attraction.
You feel attractive to monsters.
The orc priest calls down the wrath of Beogh upon you.
Beogh smites you!
You die...
Your body crumbles into a pile of gold.

#.....###....
###............
#.......†......
#.≈≈.≈≈...#...#
#.≈...≈.#......
#.≈._.≈.......#
.###≈≈...≈≈......#
....≈.....≈o.....#
.###≈.⌠.⌠.ho...... .
#≈..∩..≈oo....# .
.###≈.⌠.⌠.≈......# ##.
....≈.....≈......# ..#
....≈≈≈≈≈≈≈......# #.#
..........#......#######.#
...!......#......##...##.#
..........###.......#....##
..........# #.).#######...#


You could see an orc priest and 3 orcs.

Vanquished Creatures
  A phantom (D:4)
  Ijyb (D:3)
  Terence (D:2)
  2 orc wizards
  2 adders
  2 worms
  3 dart slugs
  5 orcs
  8 endoplasms
  A giant cockroach (D:4)
  8 goblins
  9 hobgoblins
  10 jackals
  A quokka (D:2)
  5 ball pythons
  4 bats
  7 frilled lizards
  7 kobolds
  2 rats
79 creatures vanquished.

Notes
Turn   | Place    | Note
-------+----------+-------------------------------------------
     0 | D:1      | garrulousMonolith the Octopode Shapeshifter began the quest
                  | for the Orb.
     0 | D:1      | Reached XP level 1. HP: 13/13 MP: 1/1
   147 | D:1      | Reached XP level 2. HP: 14/18 MP: 2/2
   185 | D:1      | Reached skill level 1 in Stealth
   556 | D:1      | Reached XP level 3. HP: 23/23 MP: 3/3
  1131 | D:2      | Reached XP level 4. HP: 18/29 MP: 4/4
  1252 | D:2      | Noticed Terence
  1262 | D:2      | Killed Terence
  1469 | D:2      | Found a stormy altar of Qazlal.
  1759 | D:3      | Noticed Ijyb
  1776 | D:3      | Killed Ijyb
  1777 | D:3      | Reached skill level 1 in Shields
  1777 | D:3      | Reached XP level 5. HP: 18/34 MP: 5/5
  2300 | D:3      | Found a radiant altar of Vehumet.
  2596 | D:3      | Found a shimmering blue altar of Sif Muna.
  2619 | D:4      | Found a broken altar of Ashenzari.
  2671 | D:4      | Found Gozag's Platinum Reserve.
  2675 | D:4      | Found an opulent altar of Gozag.
  2684 | D:4      | Noticed a phantom
  2700 | D:4      | Killed a phantom
  2701 | D:4      | Reached skill level 4 in Shapeshifting
  2701 | D:4      | Reached XP level 6. HP: 14/39 MP: 6/6
  2726 | D:4      | Became a worshipper of Gozag Ym Sagoz the Greedy
  2734 | D:4      | Killed from afar by an orc priest

Illustrated notes

Levels and vault maps discovered:
D:1:      eino_arrival_water_cross, layout_basic, chequers_serial_rivers_large_b
D:2:      layout_rooms, basic_altar, minmay_misc_feat_diagonals, uniq_terence
D:3:      layout_basic, mainiacjoe_overflow_swirl, minivault_26, uniq_ijyb
D:4:      kennysheep_goblin_castle, layout_rooms, ashenzari_altar_1,
          nicolae_gozag_zags_fifth_avenue, nicolae_half_adder, uniq_eustachio,
          uniq_blork_the_orc

Skill      XL: |  1  2  3  4  5  6 |
---------------+-------------------+-----
Stealth        | 1 2 3 |  3.0
Shields        | 1 |  1.7
Fighting       | 2 |  2.3
Dodging        | 3 |  3.1
Shapeshifting  | 4 |  4.1
Unarmed Combat | |  3.7

Action                     |  1- 3 |  4- 6 || total
---------------------------+-------+-------++-------
  Melee: Unarmed           |    81 |    86 ||   167
         Constrict         |    19 |    17 ||    36
         Tentacles         |     7 |    19 ||    26
         Punch             |     3 |     2 ||     5
  Evoke: Wand              |       |     1 ||     1
    Use: Scroll            |     1 |     4 ||     5
         Potion            |       |     3 ||     3
   Stab: Sleeping          |     6 |    10 ||    16
 Armour: Skin              |     9 |     4 ||    13
  Dodge: Dodged            |    61 |    43 ||   104
  Block: Buckler           |     2 |     7 ||     9

Table legend: (Time is in decaauts)
 A = Elapsed time spent in this place.
 B = Non-inter-level travel time spent in this place.
 C = Inter-level travel time spent in this place.
 D = Time resting spent in this place.
 E = Time spent auto-exploring this place.
 F = Levels seen in this place.
 G = Mean time per level.
                   A        B        C        D        E       F      G
               +--------+--------+--------+--------+--------+-----+--------+
         Total |   2729 |   2676 |     53 |    310 |   1842 |   4 |  682.2 |
       Dungeon |   2729 |   2676 |     53 |    310 |   1842 |   4 |  682.2 |
               +--------+--------+--------+--------+--------+-----+--------+

Top non-repeatable levels by time:
     D:3: 1002 daAuts
     D:1: 910 daAuts
     D:2: 692 daAuts
     D:4: 123 daAuts
